 Dungeon Crawl Stone Soup version 0.30-a0-782-ge64f9170bb (webtiles) character file.

Game seed: 15440741364402831896

2031 HoaS the Gouger (level 9, -7/45 HPs)
             Began as a Felid Berserker on Feb 19, 2023.
             Was an Elder of Trog.
             Mangled by a manticore (17 damage)
             ... on level 8 of the Dungeon.
             The game lasted 00:24:57 (7324 turns).

HoaS the Gouger (Felid Berserker)                   Turns: 7324, Time: 00:24:58

Health: -7/45      AC:  6    Str: 15    XL:     9   Next: 3%
Magic:  10/10      EV: 22    Int:  9    God:    Trog [****..]
Gold:   588        SH:  0    Dex: 17    Spells: 8/8 levels left
                                        Lives:  0   Deaths: 2

rFire   . . .      SeeInvis +      - Unarmed
rCold   + . .      Faith    .    (shield unavailable)
rNeg    . . .      Spirit   .    (body armour unavailable)
rPois   .          Reflect  .    (helmet unavailable)
rElec   .          Harm     .    (cloak unavailable)
rCorr   .          Rampage  .    (gloves unavailable)
Will    +....                    (boots unavailable)
Stlth   ++                       (no amulet)
HPRegen 0.27/turn                h - +4 ring of protection
MPRegen 0.12/turn                g - ring of protection from cold

@: quick
A: very small, claws 1, fangs 3, see invisible, speed 1, shaggy fur 2, stealthy
paws, no weapons or thrown items, no armour, multi-lived
a: Renounce Religion, Berserk, Trog's Hand, Brothers in Arms


You were on level 8 of the Dungeon.
You worshipped Trog.
Trog was greatly pleased with you.
You visited 1 branch of the dungeon, and saw 8 of its levels.
You also visited: Ossuary.

You collected 588 gold pieces.

Inventory:

Jewellery
 g - a ring of protection from cold (right paw)
 h - a +4 ring of protection (left paw)
Wands
 i - a wand of mindburst (1)
 n - a wand of flame (35)
 q - a wand of paralysis (2)
 s - a wand of digging (4)
Scrolls
 f - a scroll of fear
 j - 6 scrolls of teleportation
 m - 2 scrolls of fog
 p - a scroll of identify
 u - a scroll of blinking
Potions
 a - 3 potions of heal wounds
 b - a potion of berserk rage
 c - 2 potions of magic
 d - 5 potions of lignification
 e - 5 potions of attraction
 k - 3 potions of flight
 l - 2 potions of might
 o - 8 potions of curing
 r - a potion of mutation
 t - a potion of resistance {unknown}


   Skills:
 * Level 8.9 Fighting
 + Level 8.7 Dodging
 * Level 8.9 Unarmed Combat


You had 8 spell levels left.
You didn't know any spells.
Your spell library was empty.

Dungeon Overview and Level Annotations

Branches:
Dungeon (8/15)             Temple (0/1) D:5         Ossuary (visited)
   Lair: D:8-11

Altars:
Makhleb
Nemelex Xobeh
Qazlal
Trog
Yredelemnul
Zin
The Shining One


Innate Abilities, Weirdness & Mutations

You have sharp claws.
You have razor-sharp teeth.
You have supernaturally acute eyesight. (SInv)
You cover ground quickly. (Speed+)
You are covered in thick fur. (AC +2)
Your paws help you pounce on unaware monsters.
You are incapable of wielding weapons or throwing items.
You cannot wear armour.
You gain extra lives every three experience levels.


Message History

The manticore is lightly wounded.
The manticore completely misses you. The manticore claws you.
The manticore claws you but does no damage.
You completely miss the manticore.
You bite the manticore, but do no damage.
The manticore is lightly wounded.
You closely miss the manticore.
The manticore is lightly wounded.
The manticore misses you. The manticore claws you.
The manticore barely misses you.
You scratch the manticore but do no damage.
You bite the manticore, but do no damage.
The manticore is lightly wounded.
The manticore misses you. The manticore claws you!
The manticore claws you but does no damage.
You are too injured to fight recklessly!
You are too injured to fight recklessly!
You scratch the manticore.
You bite the manticore, but do no damage.
The manticore is moderately wounded.
The manticore completely misses you. The manticore claws you. x2
You claw the manticore!
The manticore is heavily wounded.
The manticore misses you. The manticore claws you!
* * * LOW HITPOINT WARNING * * *
The manticore completely misses you.
You claw the manticore! Your bite misses the manticore.
The manticore is severely wounded.
The manticore completely misses you. The manticore misses you.
The manticore closely misses you.
You feel much better. The manticore bites you.
The manticore closely misses you. The manticore claws you!
* * * LOW HITPOINT WARNING * * *
You scratch the manticore but do no damage.
You bite the manticore, but do no damage.
The manticore is severely wounded.
You claw the manticore!
The manticore is almost dead.
The manticore bites you!
You die...

#.# # #.# # .#
#########.##
######.........##
..............# #
#######.#####.# #
##.#####.#
...##########...(.##.#
#....H@.......##†##.###
#############.##.......
#.......### #########


You could see a manticore.

Vanquished Creatures
  A two-headed ogre (D:8)
  Sigmund (D:5)
  A wyvern (D:8)
  An orc warrior (D:8)
  A black bear (D:5)
  4 ogres
  A sky beast (D:7)
  4 centaurs
  A kobold brigand (D:7)
  A bullfrog (D:8)
  A necrophage (D:5)
  A scorpion (D:6)
  3 wights (D:7)
  7 hounds
  Crazy Yiuf (D:5)
  A jelly (D:6)
  2 orc priests
  An iguana (D:7)
  An orc wizard (D:8)
  8 mummies (Ossuary)
  5 adders
  A gnoll (D:7)
  A white imp (D:8)
  5 ufetubi
  3 worms
  4 dart slugs
  15 orcs
  9 ball pythons
  7 endoplasms
  2 giant cockroaches
  6 goblins
  4 hobgoblins
  9 jackals
  7 kobolds
  3 quokkas
  8 bats
  3 frilled lizards
  3 gnoll zombies (Ossuary)
  2 goblin zombies (D:5)
  3 hobgoblin zombies (Ossuary)
  2 kobold zombies (Ossuary)
  4 rats
148 creatures vanquished.

Notes
Turn   | Place    | Note
-------+----------+-------------------------------------------
     0 | D:1      | HoaS the Felid Berserker began the quest for the Orb.
     0 | D:1      | Reached XP level 1. HP: 10/10 MP: 2/2
   219 | D:1      | Reached XP level 2. HP: 13/14 MP: 3/3
  1108 | D:2      | Found a faded altar of an unknown god.
  1194 | D:2      | Reached XP level 3. HP: 17/17 MP: 4/4
  2013 | D:2      | Reached ** piety under Trog
  2484 | D:3      | Found a stormy altar of Qazlal.
  2588 | D:3      | Reached XP level 4. HP: 5/22 MP: 5/5
  3070 | D:3      | Found a glowing golden altar of the Shining One.
  3133 | D:4      | Found a bloodstained altar of Trog.
  3300 | D:4      | Reached XP level 5. HP: 24/25 MP: 6/6
  3336 | D:4      | Noticed an ogre
  3343 | D:4      | Mangled by an ogre
  3344 | D:4      | Reached XP level 4. HP: -6/22 MP: 5/5
  3344 | D:4      | Found a basalt altar of Yredelemnul.
  3393 | D:4      | Reached skill level 5 in Dodging
  3409 | D:4      | Noticed an ogre
  3477 | D:4      | Killed an ogre
  3478 | D:4      | Reached XP level 5. HP: 25/25 MP: 6/6
  3508 | D:4      | Found the +6 shillelagh "Devastator" {shatter}
  3568 | D:4      | Reached *** piety under Trog
  3616 | D:4      | Killed an ogre
  3617 | D:4      | Reached skill level 5 in Fighting
  3617 | D:4      | Reached skill level 5 in Unarmed Combat
  3617 | D:4      | Gained mutation: You are covered in thick fur. (AC +2)
                  | [Felid growth]
  3617 | D:4      | Reached XP level 6. HP: 30/30 MP: 7/7
  3668 | D:5      | Entered Level 5 of the Dungeon
  3754 | D:5      | Noticed Sigmund
  3770 | D:5      | Killed Sigmund
  3816 | D:5      | Found a staircase to the Ecumenical Temple.
  3835 | D:5      | Reached XP level 7. HP: 21/34 MP: 8/8
  4210 | D:5      | Found a sand-covered staircase.
  4217 | Ossuary  | Entered an ossuary
  4875 | D:5      | Found a runed translucent door.
  4876 | D:5      | Noticed Crazy Yiuf
  5124 | D:5      | Killed Crazy Yiuf
  5360 | D:6      | Found a sparkling altar of Nemelex Xobeh.
  5700 | D:6      | Identified the +7 sling "Lemikhaf" {heavy, Str+2}
  5859 | D:6      | Reached XP level 8. HP: 20/39 MP: 9/9
  6021 | D:7      | Reached **** piety under Trog
  6305 | D:7      | Slain by an ogre
  6306 | D:7      | Reached XP level 7. HP: -5/34 MP: 8/8
  6603 | D:7      | Reached XP level 8. HP: 34/40 MP: 9/9
  6633 | D:7      | Found a burning altar of Makhleb.
  6633 | D:7      | Found a glowing silver altar of Zin.
  6634 | D:7      | Noticed an angel
  6634 | D:7      | Noticed a blizzard demon
  6867 | D:8      | Noticed a two-headed ogre
  6882 | D:8      | HP: 1/40 [two-headed ogre/+0 giant spiked club (25)]
  6886 | D:8      | Killed a two-headed ogre
  7293 | D:8      | Reached XP level 9. HP: 37/45 MP: 10/10
  7309 | D:8      | Noticed a manticore
  7324 | D:8      | Mangled by a manticore

Illustrated notes

Levels and vault maps discovered:
D:1:      ncdulo_smallfort, layout_loops_corners
D:2:      layout_basic, chequers_ecumenical_altar_simple_redux,
          nicolae_hexahallways, kennysheep_nub, minmay_misc_feat_room
D:3:      layout_basic, tso_altar, old_standard_altar
D:4:      layout_gridville, mainiacjoe_overflow_tiny_flanked,
          nicolae_overflow_crystal_walls, dilly_guarded_unrand_devastator
D:5:      layout_layer_cave, minmay_temple_entry_tees, enter_ossuary_4,
          uniq_sigmund, uniq_crazy_yiuf_cottage
D:6:      layout_cave_pools, lemuel_coloured_pillars_altar
D:7:      minmay_klotski, layout_basic, grunt_temple_overflow_order_and_chaos_2,
          kennysheep_generic_room_15
D:8:      layout_loops_ring, grunt_decor_resistance, chequers_decorated_corner,
          glass_columns_a

Skill      XL: |  1  2  3  4  5  6  7  8 |
---------------+-------------------------+-----
Fighting       | 4 5 8 7 |  8.9
Unarmed Combat | 4 5 6 8 |  8.9
Dodging        | 5 6 8 |  8.7

Action                     |  1- 3 |  4- 6 |  7- 9 || total
---------------------------+-------+-------+-------++-------
  Melee: Unarmed           |   130 |   113 |   296 ||   539
         Bite              |     8 |     8 |    55 ||    71
         Punch             |     1 |     3 |    21 ||    25
 Invoke: Berserk           |       |     1 |     1 ||     2
  Evoke: Wand              |       |     6 |       ||     6
    Use: Scroll            |    10 |     5 |     7 ||    22
         Potion            |       |       |     3 ||     3
   Stab: Sleeping          |     5 |     3 |       ||     8
         Distracted        |       |       |     1 ||     1
 Armour: Skin              |     7 |    14 |    40 ||    61
  Dodge: Dodged            |    94 |    91 |   274 ||   459

Table legend: (Time is in decaauts)
 A = Elapsed time spent in this place.
 B = Non-inter-level travel time spent in this place.
 C = Inter-level travel time spent in this place.
 D = Time resting spent in this place.
 E = Time spent auto-exploring this place.
 F = Levels seen in this place.
 G = Mean time per level.
                   A        B        C        D        E       F      G
               +--------+--------+--------+--------+--------+-----+--------+
         Total |   6242 |   6072 |    170 |   1140 |   3684 |   9 |  693.6 |
       Dungeon |   5819 |   5649 |    170 |    996 |   3573 |   8 |  727.4 |
       Ossuary |    422 |    422 |      0 |    144 |    110 |   1 |  422.0 |
               +--------+--------+--------+--------+--------+-----+--------+

Top non-repeatable levels by time:
     D:2: 1059 daAuts
     D:5: 846 daAuts
     D:1: 799 daAuts
     D:3: 759 daAuts
     D:7: 745 daAuts
     D:6: 662 daAuts
     D:4: 480 daAuts
     D:8: 465 daAuts
 Ossuary: 422 daAuts
